AoeStats
← 93老玩家回归

African Clearing

510344591Analyzed
4v4 RM · 2d ago on Sep 30, 2026· 32m 10s· 8 players
Game mode
Random Map
Map size
Large (8 player)
Population
200
Speed
Normal
Resources
Standard
Victory
Conquest
Starting age
Dark Age
Ending age
Imperial Age
RankedLock teamsTeams togetherTeam positionsShared explorationLock speedFull tech treeHidden civsTurbo modeCheats
Victory
Defeat
🇨🇳 Jurchens · China
1590
+12
🇨🇳 Gurjaras · China
1503
+16
🇨🇳 Koreans · China
1452
+18
🇨🇳 Tupi · China
1380
+22
🇸🇰 Bengalis · Slovakia
1570
-20
🇸🇰 Armenians · Slovakia
1521
-18
🇹🇼 Tatars · Taiwan
1479
-16
🇨🇳 Khmer · China
1434
-14
唐火火
3:55 Loom
12:42 Feudal Age
17:05 Castle Age
15:03 Double-Bit Axe
15:15 Horse Collar
18:03 Wheelbarrow
19:08 Bow Saw
26:11 Stone Mining
26:30 Gold Mining
27:21 Heavy Plow
29:36 Kshatriyas
29:59 Husbandry
30:09 Bloodlines
30:17 Scale Barding Armor
30:22 Forging
30:28 Forging
32:13 Chain Barding Armor
32:28 Iron Casting
32:42 Iron Casting
乐邦
14:39 Feudal Age
15:44 Loom
16:13 Double-Bit Axe
19:38 Castle Age
17:49 Fishing Lines
22:09 Horse Collar
23:41 Bow Saw
23:49 Fletching
24:00 Padded Archer Armor
25:01 Bodkin Arrow
26:13 Ballistics
26:02 Stone Mining
27:32 Wheelbarrow
30:14 Gold Mining
30:26 Heavy Plow
34:43 Imperial Age
93老玩家回归
12:17 Feudal Age
17:34 Castle Age
18:53 Loom
赶脚的柠檬头
5:48 Loom
14:02 Feudal Age
15:50 Double-Bit Axe
18:12 Castle Age
17:00 Forging
17:02 Bloodlines
17:16 Fishing Lines
18:12 Gold Mining
18:06 Horse Collar
18:45 Scale Barding Armor
18:20 Light Cavalry
18:27 Light Cavalry
19:56 Bow Saw
20:20 Scale Barding Armor
25:34 Wheelbarrow
26:08 Bloodlines
26:43 Husbandry
26:33 Town Watch
29:44 Chain Barding Armor
32:23 Iron Casting
35:06 Imperial Age
Erik the Red
13:28 Feudal Age
11:45 Loom
14:09 Double-Bit Axe
21:21 Wheelbarrow
24:42 Castle Age
25:56 Bow Saw
25:58 Husbandry
Rado the Yellow
5:10 Loom
14:12 Feudal Age
15:02 Double-Bit Axe
17:50 Castle Age
16:10 Horse Collar
17:45 Wheelbarrow
18:50 Bow Saw
18:41 Heavy Plow
29:12 Hand Cart
eddie.wang1217
3:09 Loom
14:58 Feudal Age
19:44 Castle Age
19:14 Double-Bit Axe
21:21 Stone Mining
21:30 Elite Skirmisher
22:40 Fletching
32:33 Wheelbarrow
NorthOrigin
12:33 Feudal Age
12:37 Loom
15:43 Castle Age
15:02 Bloodlines
17:22 Town Watch
18:24 Double-Bit Axe
26:04 Husbandry
28:40 Scale Barding Armor
29:30 Wheelbarrow
Connection lost

Rejoining the realm…

Still unreachable

The connection could not be restored.

Session expired

The server has moved on; the page needs a fresh start.